 Dungeon Crawl Stone Soup version 0.18.1-48-g4cf74bf (webtiles) character file.

37 Jerry the Grasshopper (level 3, -4/28 HPs)
             Began as a Formicid Warper on Aug 6, 2016.
             Killed by divine providence
             ... invoked by an orc priest
              (15 damage)
             ... on level 4 of the Dungeon.
             The game lasted 00:02:54 (1239 turns).

Jerry the Grasshopper (Formicid Warper)             Turns: 1239, Time: 00:02:56

Health: -4/28      AC:  3    Str: 15    XL:     3   Next: 62%
Magic:  6/6        EV: 12    Int: 12    God:
Gold:   3          SH:  0    Dex: 11    Spells: 2 memorised, 3 levels left

rFire  . . .     SeeInvis +     a - +0 spear
rCold  . . .     Gourm    .     b - +0 leather armour
rNeg   . . .     Faith    .     (no shield)
rPois  .         Spirit   .     (helmet unavailable)
rElec  .         Dismiss  .     (no cloak)
rCorr  .         Reflect  .     (no gloves)
SustAt .         Harm     .     (no boots)
MR     .....                    (no amulet)
Stlth  +.........               (no ring)
                                (no ring)

@: not resistant to hostile enchantments, very unstealthy
A: permanent stasis, dig shafts and tunnels, four strong arms, antennae 3
a: Dig, Shaft Self


You were on level 4 of the Dungeon.
You were not hungry.

You visited 1 branch of the dungeon, and saw 4 of its levels.

You collected 3 gold pieces.

Inventory:

Hand Weapons
 a - a +0 spear (weapon)
Missiles
 e - 5 tomahawks of dispersal (quivered)
Armour
 b - a +0 leather armour (worn)
Scrolls
 d - a scroll of blinking
 f - a scroll of recharging {unknown}
 g - a scroll of remove curse {unknown}
 h - a scroll of magic mapping {unknown}
Books
 c - a book of Spatial Translocations

   Spells                             Type                      Level
   a - Apportation                    Translocation                1
   b - Blink                          Translocation                2
   c - Shroud of Golubria             Charms/Translocation         2
   d - Portal Projectile              Translocation                3
   e - Teleport Other                 Translocation                3
   f - Passage of Golubria            Translocation                4


   Skills:
 + Level 2.3 Fighting
 + Level 2.3 Polearms
 + Level 1.1 Throwing
 + Level 2.0 Armour
 + Level 1.9 Dodging
 + Level 0.3 Stealth
 + Level 2.4 Spellcasting
 + Level 3.0 Translocations


You had 3 spell levels left.
You knew the following spells:

 Your Spells              Type           Power        Failure   Level  Hunger
a - Apportation           Tloc           #.........   12%         1    ##.....
b - Shroud of Golubria    Chrm/Tloc      #.........   28%         2    ###....


Dungeon Overview and Level Annotations

Branches:
Dungeon (4/15)
 Temple: D:4-7

Altars:


Innate Abilities, Weirdness & Mutations

You are under a permanent stasis effect.
You can dig through walls and to a lower floor.
Your four strong arms can wield two-handed weapons with a shield.
You have a pair of large antennae on your head (SInv).


Message History

The orc is severely wounded.
The orc priest closely misses you. The orc barely misses you.
The orc priest barely misses you.
The orc priest calls upon Beogh to heal the orc.
The orc's wounds heal themselves!
The orc closely misses you. The orc misses you. The orc priest hits you.
The orc hits you with a dagger. The orc barely misses you.
You hit the orc.
The orc is heavily wounded.
The orc priest barely misses you. The orc closely misses you.
The orc priest completely misses you. The orc hits you but does no damage.
The orc wizard mumbles some strange words.
The orc wizard blinks!
The orc barely misses you.
You barely miss the orc.
The orc is heavily wounded.
The orc closely misses you. The orc priest barely misses you. The orc hits you.
The orc priest mumbles some strange prayers to Beogh against you.
Beogh smites you!
Ouch! That really hurt!
You die...

..# ..a
#######.####..#
##.............#
##............#.#
#..........ยง....#
#.<............>#
#.......ooo.....#
#........@o.....#
#.......oo.......
##...............
##..............
########.......
....... .......
....... ...


You could see a worker ant (wandering), 2 orc priests and 4 orcs.

Vanquished Creatures
  A gnoll (D:1)
  An adder (D:3)
  An ooze (D:1)
  A giant gecko (D:1)
  2 hobgoblins (D:1)
  A kobold (D:1)
  A ball python (D:1)
  2 bats
  A giant newt (D:1)
  3 goblins
  2 rats (D:1)
16 creatures vanquished.

Notes
Turn   | Place    | Note
--------------------------------------------------------------
     0 | D:1      | Jerry the Formicid Warper began the quest for the Orb.
     0 | D:1      | Reached XP level 1. HP: 16/16 MP: 3/3
   349 | D:1      | Reached XP level 2. HP: 19/22 MP: 5/5
  1058 | D:1      | Reached XP level 3. HP: 28/28 MP: 6/6
  1087 | D:1      | Learned a level 2 spell: Shroud of Golubria
  1091 | D:1      | You fall through a shaft!
  1094 | D:2      | You fall through a shaft!
  1102 | D:3      | Reached skill level 3 in Translocations
  1239 | D:4      | Killed from afar by an orc priest

Skill      XL: |  1  2  3 |
---------------+----------+-----
Translocations | 3 |  3.0
Armour         | 2 |  2.0
Fighting       | |  2.3
Polearms       | |  2.3
Throwing       | |  1.1
Dodging        | |  1.9
Stealth        | |  0.3
Spellcasting   | |  2.4

Action                   || total
-------------------------++-------
Melee: Spear             ||    81
 Abil: Shaft Self        ||     2
  Eat: Bread ration      ||     1
Armor: Leather armour    ||    19
Dodge: Dodged            ||    49
